 Dungeon Crawl Stone Soup version 0.31-a0-233-g139696dc86 (webtiles) character file.

Game seed: 7810212006483297864

91 qw the Shooter (level 4, -1/36 HPs)
             Began as a Minotaur Hexslinger on July 8, 2023.
             Succumbed to a scorpion's poison
             ... on level 4 of the Dungeon.
             The game lasted 00:00:59 (2772 turns).

qw the Shooter (Minotaur Hexslinger)                Turns: 2772, Time: 00:00:59

Health: -1/36      AC:  5    Str: 12    XL:     4   Next: 33%
Magic:  4/4        EV: 11    Int: 10    God:
Gold:   122        SH:  0    Dex: 15    Spells: 4/5 levels left

rFire   . . .        Y - +1 sling
rCold   . . .        (no shield)
rNeg    . . .        h - +0 ring mail
rPois   .            (helmet restricted)
rElec   .            (no cloak)
rCorr   .            (no gloves)
SInv    .            (no boots)
Will    +....        (no amulet)
Stlth   +            b - ring of willpower
HPRegen 0.26/turn    (no ring)
MPRegen 0.09/turn

%: no passive effects
@: lethally poisoned (-1 -> -16), about to teleport
A: horns 2, retaliatory headbutt
a: no special abilities


You were on level 4 of the Dungeon.
You visited 1 branch of the dungeon, and saw 4 of its levels.

You collected 122 gold pieces.


Innate Abilities, Weirdness & Mutations

You have a pair of horns on your head.
You reflexively headbutt those who attack you in melee.


   Skills:
 - Level 2.0 Fighting
 + Level 4.7 Ranged Weapons
 - Level 1.0 Armour
 - Level 2.1 Dodging
 - Level 1.0 Spellcasting
 - Level 2.0 Hexes


You had 4 spell levels left.
You knew the following spells:

 Your Spells              Type           Power      Damage    Failure   Level
a - Slow                  Hex            16%        N/A       34%         1

Your spell library contained the following spells:

 Spells                   Type           Power      Damage    Failure   Level
 Inner Flame              Hex/Fire       2%         N/A       83%         3
 Portal Projectile        Hex/Tloc       4%         N/A       83%         3
 Cause Fear               Hex            2%         N/A       98%         4

Inventory:

Hand Weapons
 Y - a +1 sling (weapon)
Armour
 h - a +0 ring mail (worn)
Jewellery
 b - a ring of willpower (left hand)
Scrolls
 a - 2 scrolls of identify
Potions
 f - a potion of degeneration {unknown}
 g - a potion of enlightenment {unknown}
 k - 2 potions of curing

Dungeon Overview and Level Annotations

Branches:
Dungeon (4/15)
 Temple: D:4-7

Altars:
Nemelex Xobeh


Message History

The scorpion is moderately wounded.
The scorpion stings you.
You are poisoned.
The scorpion poisons you!
The scorpion stings you but does no damage.
You shoot a sling bullet. The sling bullet hits the scorpion.
The scorpion is heavily wounded.
You feel very sick. The scorpion closely misses you.
You shoot a sling bullet.
The sling bullet closely misses the scorpion.
You feel sick.
The scorpion stings you but does no damage.
The scorpion stings you.
You shoot a sling bullet.
The sling bullet hits the scorpion but does no damage.
The scorpion is heavily wounded.
You feel sick. The scorpion misses you. You furiously retaliate!
You headbutt the scorpion, but do no damage.
You shoot a sling bullet.
The sling bullet completely misses the scorpion.
You feel sick. The scorpion stings you.
You are more poisoned.
The scorpion poisons you! The scorpion stings you.
You shoot a sling bullet.
The sling bullet barely misses the scorpion.
You feel very sick.
The scorpion stings you but does no damage.
The scorpion stings you.
You are more poisoned.
The scorpion poisons you!
2771 ||| READING scroll of teleportation.
As you read the scroll of teleportation, it crumbles to dust.
You feel strangely unstable.
You feel very sick. The scorpion barely misses you. You furiously retaliate!
You headbutt the scorpion. You shoot a sling bullet.
The sling bullet closely misses the scorpion.
You die...

##################
.................#
################.#
#.# #.#########
#.........#
###############.#
....).>.......#.#
#.@......#.#
#s#####..#.# #.
#.....#.# #.
#.###.#.# #.
#.#...#.#### #.
#<#.###...)# #.
#.#.....#.## #.
#.#####.#.#
#.....).# #


You could see a scorpion.

Vanquished Creatures
  2 adders
  A worm (D:2)
  A dart slug (D:2)
  An orc (D:3)
  8 bats
  6 endoplasms
  A giant cockroach (D:4)
  8 goblins
  6 hobgoblins
  3 jackals (D:3)
  4 quokkas
  4 ball pythons
  4 frilled lizards
  6 kobolds
  8 rats
63 creatures vanquished.

Notes
Turn   | Place    | Note
-------+----------+-------------------------------------------
     0 | D:1      | qw the Minotaur Hexslinger began the quest for the Orb.
     0 | D:1      | Reached XP level 1. HP: 16/16 MP: 1/1
     0 | D:1      | 0 ||| qw: Version: 0.3-a-46-gb1f654a
     0 | D:1      | 0 ||| qw: Game counter: 3365
     0 | D:1      | 0 ||| qw: Melee chars always use a shield: true
     0 | D:1      | 0 ||| qw: God list: Okawaru
     0 | D:1      | 0 ||| qw: Allow faded altars: false
     0 | D:1      | 0 ||| qw: Do Orc after clearing Dungeon:15 true
     0 | D:1      | 0 ||| qw: Do second Lair branch before Depths: true
     0 | D:1      | 0 ||| qw: Lair rune preference: random
     0 | D:1      | 0 ||| qw: Goals: Normal
     0 | D:1      | 0 ||| PLANNING D:1-11
    30 | D:1      | Found a faded altar of an unknown god.
    89 | D:1      | Identified the +9 flail of Infection {vamp, rC++}
   109 | D:1      | Reached skill level 3 in Ranged Weapons
   119 | D:1      | Reached XP level 2. HP: 23/23 MP: 2/2
   696 | D:1      | 696 ||| DROPPING scarf of harm.
   697 | D:1      | 697 ||| UPGRADING to +0 leather armour.
   707 | D:1      | 707 ||| DROPPING +0 robe.
   708 | D:1      | 708 ||| UPGRADING to +0 ring mail.
   718 | D:1      | 718 ||| DROPPING +0 leather armour.
   719 | D:1      | 719 ||| READING scroll labelled LAIHOCZORCHY.
   720 | D:1      | 720 ||| READING scroll labelled YTUETH OTZULEGH.
   721 | D:1      | 721 ||| DRINKING 2 inky potions.
   722 | D:1      | 722 ||| DROPPING scroll of poison.
   790 | D:2      | Reached XP level 3. HP: 29/29 MP: 3/3
   924 | D:2      | Reached skill level 4 in Ranged Weapons
  1232 | D:2      | Reached skill level 1 in Armour
  1571 | D:2      | 1571 ||| READING scroll labelled IBLOLU OCZORE.
  1624 | D:2      | 1624 ||| READING scroll labelled VEIMNI UNAERCH.
  1625 | D:2      | 1625 ||| DRINKING 3 emerald potions.
  1626 | D:2      | 1626 ||| DROPPING 2 potions of attraction.
  1857 | D:3      | Reached XP level 4. HP: 36/36 MP: 4/4
  2516 | D:3      | 2516 ||| UPGRADING to ring of willpower.
  2517 | D:3      | 2517 ||| READING scroll labelled ESMOET VITTIER.
  2518 | D:3      | 2518 ||| READING scroll labelled UTUEP NOBLORGHO.
  2519 | D:3      | 2519 ||| READING scroll labelled LESHUV QISI.
  2523 | D:3      | 2523 ||| READING scroll labelled HUTATEA SEQAMPEWK.
  2524 | D:3      | 2524 ||| DRINKING 2 smoky dark potions.
  2562 | D:3      | 2562 ||| DROPPING potion of lignification.
  2632 | D:4      | Found a sparkling altar of Nemelex Xobeh.
  2764 | D:4      | Noticed a scorpion
  2770 | D:4      | HP: 7/36 [scorpion (5)]
  2771 | D:4      | 2771 ||| READING scroll of teleportation.
  2771 | D:4      | HP: 3/36 [poisoned by a scorpion]
  2772 | D:4      | Succumbed to a scorpion's poison

Levels and vault maps discovered:
D:1:      onia_arrival_handbag, layout_basic, hellmonk_ecumenical_altar_lost_god
D:2:      layout_basic, minmay_misc_feat_tiny, minmay_misc_feat_five
D:3:      layout_basic, minmay_misc_feat_doors, minmay_misc_feat_four_crosses,
          interstate_on_off
D:4:      layout_basic, mainiacjoe_overflow_paths, minmay_temple_entry_trees,
          minmay_misc_feat_roman, uniq_duvessa, uniq_ijyb

Skill      XL: |  1  2  3 |
---------------+----------+-----
Ranged Weapons | 3 4 |  4.7
Fighting       | 2 |  2.0
Armour         | 1 |  1.0
Dodging        | |  2.1
Spellcasting   | |  1.0
Hexes          | |  2.0

Action                     |  1- 3 |  4- 6 || total
---------------------------+-------+-------++-------
   Fire: Sling             |   134 |    50 ||   184
    Use: Scroll            |     4 |     5 ||     9
         Potion            |     2 |     1 ||     3
 Armour: Robe              |     4 |       ||     4
         Ring mail         |     4 |     9 ||    13
  Dodge: Dodged            |    35 |    17 ||    52

Table legend:
 A = Non-vault XP
 B = Vault XP
 C = Vault XP percentage of total XP
 D = Non-vault monster count
 E = Vault monster count
 F = Vault count percentage of total count
                 A         B        C        D         E       F
            +---------+---------+-------+---------+---------+-------
      Total |     125 |       5 |   3.8 |      59 |       4 |   6.3
            +---------+---------+-------+---------+---------+-------
        D:1 |      25 |       5 |  16.7 |      15 |       4 |  21.1
        D:2 |      52 |       0 |   0.0 |      21 |       0 |   0.0
        D:3 |      43 |       0 |   0.0 |      20 |       0 |   0.0
        D:4 |       5 |       0 |   0.0 |       3 |       0 |   0.0
            +---------+---------+-------+---------+---------+-------
